TOP OF THE 1ST |
Albuquerque Isotopes batting - Pitching for Calgary Cowboys : RHP Pedro Leal
|
Pitching: RHP Pedro Leal
|
|
Batting: RHB Sadayoshi Kato
|
0-0: Foul Ball, location: 2F 0-1: Ball 1-1: Ball 2-1: Foul Ball, location: 2F 2-2: Strikes out swinging
|
Batting: RHB Dave Mullen
|
0-0: Called Strike 0-1: SOLO HOME RUN (Flyball, 7D), Distance : 394 ft
|
Batting: SHB Lee Townsend
|
0-0: Called Strike 0-1: DOUBLE (Line Drive, 9LM)
|
Batting: LHB Juan Carlos Sánchez
|
0-0: Ball 1-0: Ball 2-0: Ball 3-0: Base on Balls
|
Batting: LHB Mark Vestal
|
0-0: Foul Ball, location: 2F 0-1: Called Strike 0-2: Foul Ball, location: 2F 0-2: Strikes out swinging
|
Batting: RHB Alden Isenhood
|
0-0: Ball 1-0: Ball 2-0: Ball 3-0: Base on Balls Lee Townsend to third Juan Carlos Sánchez to second
|
Batting: LHB Bernardo Montés
|
0-0: Ball 1-0: Called Strike 1-1: Fly out, F5 (Popup, 5DF)
|
Top of the 1st over - 1 run(s), 2 hit(s), 0 error(s), 3 left on base; Albuquerque 1 - Calgary 0 |
BOTTOM OF THE 1ST |
Calgary Cowboys batting - Pitching for Albuquerque Isotopes : RHP Mark Sanders
|
Pitching: RHP Mark Sanders
|
|
Batting: RHB Luis Peña
|
0-0: Ball 1-0: Fly out, F8 (Flyball, 8LS)
|
Batting: RHB Jorge Balencia
|
0-0: Ball 1-0: Ball 2-0: Ball 3-0: Called Strike 3-1: Base on Balls
|
Batting: LHB Miguel Pérez
|
0-0: SINGLE (Flyball, 78S) Jorge Balencia to second
|
Batting: RHB Clark Hodge
|
0-0: Foul Ball, location: 2F 0-1: Swinging Strike 0-2: Ball 1-2: Ball 2-2: SINGLE (Line Drive, 8LS) Jorge Balencia to third Miguel Pérez to second
|
Batting: RHB Ramón Martínez
|
0-0: Ball 1-0: Ball 2-0: Called Strike 2-1: Foul Ball, location: 2F 2-2: Foul Ball, location: 2F 2-2: Grounds into fielders choice 1-2 (Groundball, 15) Miguel Pérez to third Clark Hodge to second
|
Batting: RHB Dan Wyatt
|
0-0: Fly out, F4 (Line Drive, 4M)
|
Bottom of the 1st over - 0 run(s), 2 hit(s), 0 error(s), 3 left on base; Albuquerque 1 - Calgary 0 |
TOP OF THE 2ND |
Albuquerque Isotopes batting - Pitching for Calgary Cowboys : RHP Pedro Leal
|
Batting: LHB António De Los Ángeles
|
0-0: Ball 1-0: Fly out, F7 (Line Drive, 78M)
|
Batting: LHB A.J. Major
|
0-0: Ball 1-0: Ball 2-0: Ball 3-0: Base on Balls
|
Batting: RHB Sadayoshi Kato
|
0-0: Called Strike 0-1: Ball 1-1: SINGLE (Line Drive, 4D) A.J. Major to second
|
Batting: RHB Dave Mullen
|
0-0: Fly out, F8 (Flyball, 8RM)
|
Batting: SHB Lee Townsend
|
0-0: Called Strike 0-1: Ball 1-1: Ball 2-1: Ball 3-1: Base on Balls A.J. Major to third Sadayoshi Kato to second
|
Batting: LHB Juan Carlos Sánchez
|
0-0: Called Strike 0-1: Called Strike 0-2: Ball 1-2: Ball 2-2: Ball 3-2: Strikes out looking
|
Top of the 2nd over - 0 run(s), 1 hit(s), 0 error(s), 3 left on base; Albuquerque 1 - Calgary 0 |
BOTTOM OF THE 2ND |
Calgary Cowboys batting - Pitching for Albuquerque Isotopes : RHP Mark Sanders
|
Batting: RHB Shayne Burry
|
0-0: Ball 1-0: Ball 2-0: Swinging Strike 2-1: Ground out 4-3 (Groundball, 4M)
|
Batting: LHB Freddy Herrera
|
0-0: Swinging Strike 0-1: Swinging Strike 0-2: Strikes out looking
|
Batting: RHB Mario Sánchez
|
0-0: Called Strike 0-1: Ball 1-1: Foul Ball, location: 2F 1-2: Ball 2-2: Fly out, F8 (Flyball, 8RD)
|
Bottom of the 2nd over - 0 run(s), 0 hit(s), 0 error(s), 0 left on base; Albuquerque 1 - Calgary 0 |
TOP OF THE 3RD |
Albuquerque Isotopes batting - Pitching for Calgary Cowboys : RHP Pedro Leal
|
Batting: LHB Mark Vestal
|
0-0: Swinging Strike 0-1: Ball 1-1: Foul Ball, location: 2F 1-2: Foul Ball, location: 2F 1-2: Strikes out swinging
|
Batting: RHB Alden Isenhood
|
0-0: Ball 1-0: Ball 2-0: Ball 3-0: Called Strike 3-1: Base on Balls
|
Batting: LHB Bernardo Montés
|
0-0: Called Strike 0-1: Grounds into double play, 6-4-3 (Groundball, 6M)
|
Top of the 3rd over - 0 run(s), 0 hit(s), 0 error(s), 0 left on base; Albuquerque 1 - Calgary 0 |
BOTTOM OF THE 3RD |
Calgary Cowboys batting - Pitching for Albuquerque Isotopes : RHP Mark Sanders
|
Batting: RHB Luis Peña
|
0-0: Ball 1-0: Swinging Strike 1-1: Swinging Strike 1-2: TRIPLE (Line Drive, 78M)
|
Batting: RHB Jorge Balencia
|
0-0: Ball 1-0: DOUBLE (Groundball, 3D) Luis Peña scores
|
Batting: LHB Miguel Pérez
|
0-0: Swinging Strike 0-1: Foul Ball, location: 2F 0-2: Ball 1-2: SINGLE (Line Drive, 34D) Jorge Balencia to third
|
Batting: RHB Clark Hodge
|
0-0: Ball 1-0: Ball 2-0: Fly out, F8 (Flyball, 8LD) Runner from 3rd tags up, SCORES, no throw
|
Batting: RHB Ramón Martínez
|
0-0: SINGLE (Line Drive, 7LS) Miguel Pérez to second
|
Batting: RHB Dan Wyatt
|
0-0: Foul Ball, location: 2F 0-1: Ball 1-1: Fielders Choice at 2nd, 6-4 (Groundball, 6D) Miguel Pérez to third
|
Batting: RHB Shayne Burry
|
0-0: Ball 1-0: Ball 2-0: Ball 3-0: Called Strike 3-1: Fly out, F9 (Popup, 89S)
|
Bottom of the 3rd over - 2 run(s), 4 hit(s), 0 error(s), 2 left on base; Albuquerque 1 - Calgary 2 |
TOP OF THE 4TH |
Albuquerque Isotopes batting - Pitching for Calgary Cowboys : RHP Pedro Leal
|
Batting: LHB António De Los Ángeles
|
0-0: Called Strike 0-1: Swinging Strike 0-2: Ball 1-2: Strikes out swinging
|
Batting: LHB A.J. Major
|
0-0: Ground out 4-3 (Groundball, 4)
|
Batting: RHB Sadayoshi Kato
|
0-0: Foul Ball, location: 2F 0-1: Ball 1-1: Foul Ball, location: 2F 1-2: Ball 2-2: Ball 3-2: Foul Ball, location: 2F 3-2: Fly out, F9 (Flyball, 9M)
|
Top of the 4th over - 0 run(s), 0 hit(s), 0 error(s), 0 left on base; Albuquerque 1 - Calgary 2 |
BOTTOM OF THE 4TH |
Calgary Cowboys batting - Pitching for Albuquerque Isotopes : RHP Mark Sanders
|
Batting: LHB Freddy Herrera
|
0-0: Ball 1-0: Ball 2-0: Swinging Strike 2-1: Foul Ball, location: 2F 2-2: Foul Ball, location: 2F 2-2: DOUBLE (Line Drive, 5D)
|
Batting: RHB Mario Sánchez
|
0-0: Ball 1-0: Swinging Strike 1-1: Called Strike 1-2: Strikes out swinging
|
Batting: RHB Luis Peña
|
0-0: Ball 1-0: Foul Ball, location: 2F 1-1: Foul Ball, location: 2F 1-2: Ball Wild Pitch! Freddy Herrera to third 2-2: Ball 3-2: Base on Balls
|
Batting: RHB Jorge Balencia
|
0-0: Called Strike 0-1: Swinging Strike 0-2: Strikes out swinging
|
Batting: LHB Miguel Pérez
|
0-0: Ground out 4-3 (Groundball, 4)
|
Bottom of the 4th over - 0 run(s), 1 hit(s), 0 error(s), 2 left on base; Albuquerque 1 - Calgary 2 |
TOP OF THE 5TH |
Albuquerque Isotopes batting - Pitching for Calgary Cowboys : RHP Pedro Leal
|
Batting: RHB Dave Mullen
|
0-0: Ball 1-0: Swinging Strike 1-1: Foul Ball, location: 2F 1-2: SINGLE (Line Drive, 4MD)
|
Batting: SHB Lee Townsend
|
0-0: Called Strike 0-1: Ball 1-1: Foul Ball, location: 2F 1-2: Ball 2-2: Foul Ball, location: 2F 2-2: DOUBLE (Line Drive, 89D) Dave Mullen to third
|
Batting: LHB Juan Carlos Sánchez
|
0-0: Called Strike 0-1: Ball 1-1: Fly out, F8 (Line Drive, 8RD) Runner from 3rd tags up, SCORES, no throw Lee Townsend to third
|
Batting: LHB Mark Vestal
|
0-0: Ball 1-0: Ball 2-0: Ball 3-0: Called Strike 3-1: Base on Balls
|
Batting: RHB Alden Isenhood
|
0-0: Ball 1-0: SINGLE (Groundball, 4M) Lee Townsend scores Mark Vestal to second
|
Batting: LHB Bernardo Montés
|
0-0: Ball 1-0: Ball 2-0: Ball 3-0: Base on Balls Mark Vestal to third Alden Isenhood to second
|
Batting: LHB António De Los Ángeles
|
0-0: Swinging Strike 0-1: Foul Ball, location: 2F 0-2: Ball 1-2: Ball 2-2: Strikes out swinging
|
Batting: LHB A.J. Major
|
0-0: Fly out, F3 (Popup, 23F)
|
Top of the 5th over - 2 run(s), 3 hit(s), 0 error(s), 3 left on base; Albuquerque 3 - Calgary 2 |
BOTTOM OF THE 5TH |
Calgary Cowboys batting - Pitching for Albuquerque Isotopes : RHP Mark Sanders
|
Batting: RHB Clark Hodge
|
0-0: Ball 1-0: Ball 2-0: Swinging Strike 2-1: Called Strike 2-2: Ground out 6-3 (Groundball, 56)
|
Batting: RHB Ramón Martínez
|
0-0: Called Strike 0-1: Swinging Strike 0-2: Ball 1-2: Ball 2-2: Strikes out looking
|
Batting: RHB Dan Wyatt
|
0-0: Ball 1-0: Ball 2-0: Foul Ball, location: 2F 2-1: Fly out, F8 (Flyball, 8RM)
|
Bottom of the 5th over - 0 run(s), 0 hit(s), 0 error(s), 0 left on base; Albuquerque 3 - Calgary 2 |
TOP OF THE 6TH |
Albuquerque Isotopes batting - Pitching for Calgary Cowboys : RHP Pedro Leal
|
Pitching: RHP Glen Brewer
|
|
Batting: RHB Sadayoshi Kato
|
0-0: Called Strike 0-1: Ball 1-1: Ball 2-1: Ball 3-1: Base on Balls
|
Batting: RHB Dave Mullen
|
0-0: Foul Ball, location: 2F 0-1: Ball 1-1: Called Strike 1-2: Ball 2-2: Strikes out swinging
|
Batting: SHB Lee Townsend
|
0-0: Ball 1-0: Ball 2-0: Ball 3-0: Called Strike 3-1: Foul Ball, location: 2F 3-2: Foul Ball, location: 2F 3-2: Base on Balls Sadayoshi Kato to second
|
Batting: LHB Juan Carlos Sánchez
|
0-0: Fly out, F8 (Flyball, 89D) Runner from 2nd tags up, SAFE at 3rd, no throw
|
Batting: LHB Mark Vestal
|
0-0: Called Strike 0-1: Ball 1-1: Swinging Strike 1-2: Strikes out swinging
|
Top of the 6th over - 0 run(s), 0 hit(s), 0 error(s), 2 left on base; Albuquerque 3 - Calgary 2 |
BOTTOM OF THE 6TH |
Calgary Cowboys batting - Pitching for Albuquerque Isotopes : RHP Mark Sanders
|
Pitching: RHP Shiki Kanno
|
|
Batting: RHB Shayne Burry
|
0-0: Called Strike 0-1: Ball 1-1: Fly out, F8 (Flyball, 8RM)
|
Batting: LHB Freddy Herrera
|
0-0: Ball 1-0: Foul Ball, location: 2F 1-1: Foul Ball, location: 2F 1-2: Ball 2-2: Ground out 1-3 (Groundball, 15S)
|
Batting: RHB Mario Sánchez
|
0-0: SINGLE (Line Drive, 89M)
|
Batting: RHB Luis Peña
|
0-0: Called Strike 0-1: Swinging Strike 0-2: Ground out 6-3 (Groundball, 6)
|
Bottom of the 6th over - 0 run(s), 1 hit(s), 0 error(s), 1 left on base; Albuquerque 3 - Calgary 2 |
TOP OF THE 7TH |
Albuquerque Isotopes batting - Pitching for Calgary Cowboys : RHP Glen Brewer
|
Batting: RHB Alden Isenhood
|
0-0: Foul Ball, location: 2F 0-1: Swinging Strike 0-2: Ball 1-2: Foul Ball, location: 2F 1-2: SINGLE (Line Drive, 9S)
|
Batting: LHB Bernardo Montés
|
0-0: Called Strike 0-1: Ball 1-1: Fly out, F9 (Flyball, 89M)
|
Batting: LHB António De Los Ángeles
|
0-0: Called Strike 0-1: Ball 1-1: Fly out, F8 (Flyball, 89M)
|
Pinch Hitting: LHB Fernando Ortíz
|
0-0: Called Strike 0-1: Ball 1-1: Ball 2-1: Called Strike Alden Isenhood steals 2nd base 2-2: Foul Ball, location: 2F 2-2: SINGLE (Line Drive, 4MD) Alden Isenhood to third Runner from 3rd tries for Home, SAFE, no throw or cutoff
|
Pitching: RHP Mitsunari Jouda
|
|
Batting: RHB Sadayoshi Kato
|
0-0: Ball 1-0: Swinging Strike 1-1: Ball 2-1: Foul Ball, location: 2F 2-2: Ball 3-2: Base on Balls Fernando Ortíz to second
|
Batting: RHB Dave Mullen
|
0-0: Ball Wild Pitch! Fernando Ortíz to third Sadayoshi Kato to second 1-0: Ball 2-0: Ball 3-0: Base on Balls
|
Batting: SHB Lee Townsend
|
0-0: Fly out, F5 (Popup, 5SF)
|
Top of the 7th over - 1 run(s), 2 hit(s), 0 error(s), 3 left on base; Albuquerque 4 - Calgary 2 |
BOTTOM OF THE 7TH |
Calgary Cowboys batting - Pitching for Albuquerque Isotopes : RHP Shiki Kanno
|
Now in RF: Fernando Ortíz
|
|
Batting: RHB Jorge Balencia
|
0-0: DOUBLE (Groundball, 5L)
|
Batting: LHB Miguel Pérez
|
0-0: Ball 1-0: Called Strike 1-1: Fly out, F8 (Flyball, 8RM)
|
Batting: RHB Clark Hodge
|
0-0: Called Strike 0-1: Foul Ball, location: 2F 0-2: Ball 1-2: Foul Ball, location: 2F 1-2: Foul Ball, location: 2F 1-2: Ball 2-2: Strikes out swinging
|
Batting: RHB Ramón Martínez
|
0-0: Ball 1-0: Fly out, F3 (Popup, 13)
|
Bottom of the 7th over - 0 run(s), 1 hit(s), 0 error(s), 1 left on base; Albuquerque 4 - Calgary 2 |
TOP OF THE 8TH |
Albuquerque Isotopes batting - Pitching for Calgary Cowboys : RHP Mitsunari Jouda
|
Batting: LHB Juan Carlos Sánchez
|
0-0: Called Strike 0-1: Swinging Strike 0-2: Strikes out looking
|
Batting: LHB Mark Vestal
|
0-0: Called Strike 0-1: Swinging Strike 0-2: Ball 1-2: Strikes out swinging
|
Batting: RHB Alden Isenhood
|
0-0: Fly out, F4 (Popup, 4)
|
Top of the 8th over - 0 run(s), 0 hit(s), 0 error(s), 0 left on base; Albuquerque 4 - Calgary 2 |
BOTTOM OF THE 8TH |
Calgary Cowboys batting - Pitching for Albuquerque Isotopes : RHP Shiki Kanno
|
Pitching: RHP Juan Rodríguez
|
|
Batting: RHB Dan Wyatt
|
0-0: SINGLE (Line Drive, 56)
|
Batting: RHB Shayne Burry
|
0-0: Called Strike 0-1: Grounds into double play, 6-4-3 (Groundball, 6)
|
Batting: LHB Freddy Herrera
|
0-0: Ball 1-0: Ball 2-0: Called Strike 2-1: Swinging Strike 2-2: Ball 3-2: Strikes out looking
|
Bottom of the 8th over - 0 run(s), 1 hit(s), 0 error(s), 0 left on base; Albuquerque 4 - Calgary 2 |
TOP OF THE 9TH |
Albuquerque Isotopes batting - Pitching for Calgary Cowboys : RHP Mitsunari Jouda
|
Batting: LHB Bernardo Montés
|
0-0: Ball 1-0: Ball 2-0: Ball 3-0: Called Strike 3-1: Ground out 1-3 (Groundball, 13S)
|
Batting: LHB António De Los Ángeles
|
0-0: Called Strike 0-1: Fly out, F8 (Flyball, 8RM)
|
Batting: LHB Fernando Ortíz
|
0-0: Called Strike 0-1: Ground out 4-3 (Groundball, 4)
|
Top of the 9th over - 0 run(s), 0 hit(s), 0 error(s), 0 left on base; Albuquerque 4 - Calgary 2 |
BOTTOM OF THE 9TH |
Calgary Cowboys batting - Pitching for Albuquerque Isotopes : RHP Kenny Skinner
|
Pitching: RHP Kenny Skinner
|
|
Batting: RHB Mario Sánchez
|
0-0: Called Strike 0-1: Ball 1-1: Ground out 4-3 (Groundball, 4)
|
Pitching: RHP Manny Muñóz
|
|
Batting: RHB Luis Peña
|
0-0: Ground out 5-3 (Groundball, 56S)
|
Now at 3B: Juan Alberto
|
|
Batting: RHB Jorge Balencia
|
0-0: Ball 1-0: Called Strike 1-1: Foul Ball, location: 2F 1-2: Strikes out swinging
|
Bottom of the 9th over - 0 run(s), 0 hit(s), 0 error(s), 0 left on base; Albuquerque 4 - Calgary 2 |
|